 Dungeon Crawl Stone Soup version 0.30-a0-576-g89cddaab80 (webtiles) character file.

Game seed: 13131054729334777902

21994 billz999 the Fighter (level 13, -9/105 HPs)
             Began as a Djinni Ice Elementalist on Dec 30, 2022.
             Was an Initiate of Gozag.
             Mangled by an eight-headed hydra (13 damage)
             ... on level 3 of the Lair of Beasts.
             The game lasted 00:40:27 (17515 turns).

billz999 the Fighter (Djinni Ice Elementalist)     Turns: 17515, Time: 00:40:28

Health: -9/105     AC:  9    Str:  7    XL:     13   Next: 24%
Gold:   580        EV: 12    Int: 27    God:    Gozag SH: 15 Dex: 24

rFire   + + .      SeeInvis .    H - staff of poison
rCold   x . .      Faith    .    n - +2 kite shield
rNeg    . . .      Spirit   .    a - +0 robe
rPois   ∞          Reflect  .    K - +2 hat
rElec   .          Harm     .    I - +1 cloak {Will+}
rCorr   .          Rampage  .    q - +1 pair of gloves {Dex+3}
Will    ++...                    (boots unavailable)
Stlth   +++                      (no amulet)
HPRegen 0.37/turn                L - +6 ring of intelligence
MPRegen 0.00/turn                o - +6 ring of dexterity

@: gold aura, flying
A: sickness immunity, fire resistance 2, cold vulnerability 1, float, innate
caster, HP casting, extra vitality 1
a: Renounce Religion, Potion Petition, Call Merchant, Bribe Branch


You were on level 3 of the Lair of Beasts.
You worshipped Gozag.
Gozag was pleased with you.
You visited 2 branches of the dungeon, and saw 13 of its levels.
You also visited: Sewer.

You collected 2868 gold pieces.
You spent 1502 gold pieces at shops.
You paid 786 gold pieces to Gozag.

Inventory:

Hand Weapons
 p - a +1 dagger of protection
 y - a +1 vampiric whip
Armour
 a - a +0 robe (worn)
 n - a +2 kite shield (worn)
 q - a +1 pair of gloves of dexterity (worn)
 v - a +0 helmet
 I - a +1 cloak of willpower (worn)
 K - a +2 hat (worn)
 O - the +7 scale mail of Failure {rElec Str+3 Slay+3}
   (You bought it in a shop on level 9 of the Dungeon)

   Str:       It affects your strength (+3).
   Slay:      It affects your accuracy & damage with ranged weapons and melee
   (+3).
   rElec:     It insulates you from electricity.
Magical Staves
 H - a staff of poison (weapon)
Jewellery
 o - a +6 ring of dexterity (right hand)
 B - a ring of resist corrosion
 C - a ring of positive energy
 L - a +6 ring of intelligence (left hand)
 P - a +6 ring of intelligence
 S - a +6 ring of strength
Wands
 r - a wand of mindburst (5)
 D - a wand of light (4)
 F - a wand of flame (19)
 N - a wand of digging (14)
 Q - a wand of charming (5)
Scrolls
 e - 7 scrolls of identify
 f - 3 scrolls of enchant weapon
 g - 4 scrolls of magic mapping
 h - 11 scrolls of teleportation
 i - 2 scrolls of fear
 t - 3 scrolls of noise
 u - 2 scrolls of poison
 w - 4 scrolls of fog
 J - a scroll of torment {unknown}
Potions
 b - 3 potions of magic
 c - a potion of heal wounds
 d - 7 potions of brilliance
 j - 2 potions of lignification {unknown}
 k - 3 potions of resistance
 l - 10 potions of curing {unknown}
 m - a potion of flight {unknown}
 s - 2 potions of mutation {unknown}
 x - 3 potions of ambrosia {unknown}
 z - 2 potions of might {unknown}
 A - a potion of cancellation {unknown}
 E - 2 potions of berserk rage {unknown}
 G - 2 potions of haste {unknown}
 M - a potion of attraction {unknown}
 R - a potion of invisibility {unknown}


   Skills:
 - Level 14.0 Fighting
 + Level 7.2 Armour
 - Level 2.1 Dodging
 - Level 2.9 Stealth
 - Level 10.0 Shields
 - Level 8.4 Spellcasting


You couldn't memorise any spells.
You knew the following spells:

 Your Spells              Type           Power      Damage    Failure   Level
a - Freeze                Ice            100%       1d10      1%          1
b - Frozen Ramparts       Ice            100%       1d16      1%          3
c - Ozocubu's Armour      Ice            55%        N/A       1%          3
d - Summon Ice Beast      Ice/Summ       55%        N/A       3%          4
e - Sting                 Tmut/Pois      100%       1d8       1%          1
f - Blink                 Tloc           100%       N/A       1%          2
g - Static Discharge      Conj/Air       100%       2-7/arc   1%          2
h - Airstrike             Air            27%        2d(4-20)  3%          4
i - Summon Lightning Spi  Summ/Air       55%        N/A       3%          4
j - Alistair's Intoxicat  Tmut/Pois      48%        N/A       10%         5
Your spell library was empty.

Dungeon Overview and Level Annotations

Branches:
Dungeon (10/15)            Temple (0/1) D:7            Lair (3/5) D:8
    Orc (0/2) D:9           Sewer (visited)
  Swamp: Lair:2-3    Shoals: Lair:2-3     Snake: Lair:2-3    Spider: Lair:2-3

Altars:
Ashenzari
Cheibriados
Gozag
Nemelex Xobeh
Trog
Wu Jian
Xom
Zin
The Shining One

Shops:
D:9 [

Annotations:
Lair:1 3 runed translucent doors, Kuuciris's ghost, journeyman DgGl


Innate Abilities, Weirdness & Mutations

You are immune to sickness and miasma.
You are immune to poison.
Your flesh is very heat resistant. (rF++)
You are vulnerable to cold. (rC-)
You float through the air rather than walking.
You learn spells naturally, not from books.
Your magical power is your life essence.
You have superior vitality. (+4 MHP)


Message History

The eight-headed hydra barely misses you.
You block the eight-headed hydra's attack.
The eight-headed hydra bites you.
The eight-headed hydra bites you but does no damage.
The eight-headed hydra bites you!
The eight-headed hydra bites you but does no damage.
Your lightning spire shoots out a bolt of lightning at the eight-headed hydra!
The bolt of electricity hits the eight-headed hydra!!
Casting: Static Discharge (safe; 1% risk of failure)
Confirm with . or Enter, or press ? or * to list all spells.
The eight-headed hydra is struck by an arc of lightning.
The eight-headed hydra is severely wounded.
You are struck by an arc of lightning.
The lightning grounds out.
The eight-headed hydra bites you but does no damage.
The eight-headed hydra bites you.
* * * LOW HITPOINT WARNING * * *
The eight-headed hydra bites you but does no damage.
You block the eight-headed hydra's attack.
The eight-headed hydra bites you.
* * * LOW HITPOINT WARNING * * *
The eight-headed hydra bites you!
* * * LOW HITPOINT WARNING * * *
The eight-headed hydra bites you but does no damage.
The eight-headed hydra bites you!
* * * LOW HITPOINT WARNING * * *
Unknown command.
Okay, then.
You feel much better. The eight-headed hydra bites you.
* * * LOW HITPOINT WARNING * * *
The eight-headed hydra bites you but does no damage.
You block the eight-headed hydra's attack.
The eight-headed hydra bites you but does no damage.
The eight-headed hydra bites you!
* * * LOW HITPOINT WARNING * * *
You block the eight-headed hydra's attack.
The eight-headed hydra bites you!
* * * LOW HITPOINT WARNING * * *
The eight-headed hydra bites you!
You die...
Your body crumbles into a pile of gold.

.................#####
................##...#
.....................#
#.#..(..........##...#
###..♣..♣.♣♣♣♣...#♣..#
..#.♣♣♣♣♣♣♣ ♣♣♣.♣♣♣.#
....♣ ♣♣♣♣.♣.# .#.♣♣
♣♣.♣≈...# .##♣
♣♣.8@~...# .#♣
♣..$D≈~♣## ..♣♣
♣§§≈~~~♣ .#.♣♣
♣§♣~≈≈~♣ ....♣
.§§♣≈~≈~♣ ....♣♣ .§.
♣≈≈≈≈♣ ...<.♣♣♣ ..♣
♣♣≈≈≈♣ .......♣♣♣♣ ♣
.♣♣♣♣♣ ..........♣.♣..


You could see an eight-headed hydra (ally target) and a friendly lightning spire
(summoned).

Vanquished Creatures
  A hydra (Lair:2)
  A boulder beetle (Lair:2)
  The ghost of Sabo the Shield-Bearer, a novice GrFi of Ashenzari (D:7)
  A black mamba (Lair:2)
  A cane toad (Lair:2)
  A rime drake (Lair:3)
  A komodo dragon (Lair:2)
  A hornet (D:7)
  3 blink frogs (Lair:2)
  A troll (D:9)
  3 dream sheep (Lair:3)
  A tyrant leech (Lair:3)
  Sigmund (D:3)
  A jumping spider (Lair:2)
  2 shadows
  19 yaks
  A wraith (D:9)
  2 wyverns
  A redback (Lair:2)
  Grum (D:9)
  A steam dragon (D:6)
  2 swamp worms (Lair:3)
  An acid dragon (D:10)
  Edmund (D:6)
  3 water moccasins
  5 orc warriors
  2 ice beasts (D:5)
  A sky beast (D:7)
  A black bear (D:7)
  5 wolves
  2 centaurs (D:8)
  2 phantoms
  5 kobold brigands
  6 bullfrogs
  2 scorpions
  5 wights (D:6)
  2 vampire bats (D:7)
  A howler monkey (D:4)
  2 jellies
  3 hounds
  9 orc priests
  3 iguanas
  12 orc wizards
  2 hell rats (Lair:3)
  A mummy (D:6)
  2 gnolls
  9 adders
  A river rat (Sewer)
  A shadow imp (D:6)
  2 ufetubi
  5 worms
  2 dart slugs (D:3)
  29 orcs
  8 bats
  2 bat skeletons (D:7)
  3 bat zombies (D:7)
  6 endoplasms
  4 giant cockroaches
  13 goblins
  6 hobgoblins
  2 jackals (D:4)
  5 quokkas
  3 ball pythons
  3 frilled lizards
  16 kobolds
  4 rats
249 creatures vanquished.

Vanquished Creatures (collateral kills)
  A hydra (Lair:3)
  2 black mambas (Lair:2)
  A komodo dragon (Lair:3)
  2 blink frogs (Lair:2)
  A dream sheep (Lair:3)
  A culicivora (Lair:2)
  A wyvern (Lair:3)
  30 yaks
  A wraith (D:9)
  A basilisk (Lair:1)
  A redback (Lair:2)
  A swamp worm (Lair:3)
  3 water moccasins (Lair:2)
  2 orc warriors (D:9)
  A black bear (D:5)
  A centaur (D:9)
  An ogre (D:4)
  3 wolves (Lair:2)
  A kobold brigand (Sewer)
  A scorpion (D:7)
  2 nameless horrors
  A vampire bat (D:7)
  A jelly (D:5)
  2 orc priests
  2 orc wizards
  5 hell rats (Lair:3)
  Robin (D:4)
  A worm (Sewer)
  7 orcs
  A bat zombie (D:7)
  7 goblins (D:4)
  A kobold (D:9)
  A rat (Sewer)
88 creatures vanquished.

Vanquished Creatures (others)
  19 fungi
  30 plants
49 creatures vanquished.

Grand Total: 386 creatures vanquished

Notes
Turn   | Place    | Note
-------+----------+-------------------------------------------
     0 | D:1      | billz999 the Djinni Ice Elementalist began the quest for
                  | the Orb.
     0 | D:1      | billz999 set off with the following spells memorised:
                  | Freeze, Frozen Ramparts, Ozocubu's Armour, Summon Ice
                  | Beast.
     0 | D:1      | Reached XP level 1. HP: 15/15 MP: 0/0
   191 | D:1      | Reached XP level 2. HP: 16/21 MP: 0/0
   347 | D:1      | Reached XP level 3. HP: 12/25 MP: 0/0
   347 | D:1      | Learned a level 1 spell: Sting
  1053 | D:2      | Reached XP level 4. HP: 26/31 MP: 0/0
  1705 | D:3      | Noticed Sigmund
  2099 | D:3      | Killed Sigmund
  2100 | D:3      | Reached skill level 5 in Spellcasting
  2100 | D:3      | Reached XP level 5. HP: 28/35 MP: 0/0
  2100 | D:3      | Learned a level 2 spell: Blink
  2100 | D:3      | Reached XP level 6. HP: 32/40 MP: 0/0
  2301 | D:3      | Found a faded altar of an unknown god.
  2301 | D:3      | Noticed a great orb of eyes
  2306 | D:3      | Noticed a great orb of eyes
  2310 | D:3      | Noticed a golden eye
  2310 | D:3      | Noticed a great orb of eyes
  2658 | D:4      | Noticed an ogre
  2665 | D:4      | Killed an ogre
  2666 | D:4      | Reached XP level 7. HP: 27/45 MP: 0/0
  2666 | D:4      | Learned a level 2 spell: Static Discharge
  2672 | D:4      | Noticed Robin
  2676 | D:4      | Killed Robin
  3273 | D:4      | Reached skill level 1 in Fighting
  3273 | D:4      | Reached skill level 1 in Shields
  3484 | D:4      | Found a bloodstained altar of Trog.
  3594 | D:5      | Entered Level 5 of the Dungeon
  3607 | D:5      | Reached skill level 2 in Fighting
  3826 | D:5      | Reached XP level 8. HP: 51/55 MP: 0/0
  4054 | D:5      | Reached skill level 3 in Fighting
  4284 | D:5      | Reached skill level 4 in Fighting
  4529 | D:5      | Found an opulent altar of Gozag.
  4598 | D:5      | Became a worshipper of Gozag Ym Sagoz the Greedy
  4807 | D:6      | Found a glowing drain.
  4853 | Sewer    | Entered a sewer
  5212 | Sewer    | Reached skill level 5 in Fighting
  5212 | Sewer    | Reached skill level 5 in Shields
  5402 | D:6      | Reached XP level 9. HP: 50/65 MP: 0/0
  5402 | D:6      | Learned a level 4 spell: Airstrike
  5594 | D:6      | Found a broken altar of Ashenzari.
  5788 | D:6      | Noticed Edmund
  5797 | D:6      | Killed Edmund
  6117 | D:6      | Found a snail-covered altar of Cheibriados.
  6206 | D:6      | Reached skill level 6 in Fighting
  6847 | D:6      | Reached skill level 7 in Fighting
  7203 | D:7      | Noticed a hornet
  7209 | D:7      | Killed a hornet
  7594 | D:7      | Reached XP level 10. HP: 59/75 MP: 0/0
  7951 | D:7      | Noticed Sabo's ghost (novice GrFi)
  7954 | D:7      | Found a runed translucent gate.
  7954 | D:7      | Found a runed translucent gate.
  7954 | D:7      | Found a runed translucent gate.
  8016 | D:7      | Reached skill level 8 in Fighting
  8120 | D:7      | Found a staircase to the Ecumenical Temple.
  8409 | D:7      | Found a sparkling altar of Nemelex Xobeh.
  8919 | D:7      | Killed Sabo's ghost
  9148 | D:8      | Reached skill level 9 in Fighting
  9644 | D:8      | Found a shimmering altar of Xom.
  9683 | D:8      | Found a staircase to the Lair.
  9767 | D:8      | Found a glowing golden altar of the Shining One.
 10010 | D:8      | Found an ornate altar of the Wu Jian Council.
 10855 | D:8      | Reached XP level 11. HP: 24/85 MP: 0/0
 10855 | D:8      | Learned a level 4 spell: Summon Lightning Spire
 11095 | D:9      | Noticed Grum
 11105 | D:8      | Reached skill level 10 in Shields
 11296 | D:9      | Reached skill level 10 in Fighting
 11488 | D:9      | Killed Grum
 11825 | D:9      | Reached skill level 11 in Fighting
 11969 | D:9      | Found a staircase to the Orcish Mines.
 12215 | D:9      | Bought a +1 cloak of willpower for 280 gold pieces
 12774 | D:9      | Found a glowing silver altar of Zin.
 12870 | Lair:1   | Entered Level 1 of the Lair of Beasts
 12870 | Lair:1   | Noticed a 12-headed hydra
 12870 | Lair:1   | Noticed Kuuciris's ghost (journeyman DgGl)
 12870 | Lair:1   | Found a runed translucent gate.
 12870 | Lair:1   | Found a runed translucent gate.
 12871 | Lair:1   | Found a runed translucent gate.
 12950 | Lair:1   | Reached skill level 12 in Fighting
 13594 | Lair:2   | Noticed a boulder beetle
 13665 | Lair:2   | Killed a boulder beetle
 13666 | Lair:2   | Reached skill level 13 in Fighting
 14119 | Lair:2   | Noticed a six-headed hydra
 14125 | Lair:2   | Killed a six-headed hydra
 14126 | Lair:2   | Reached XP level 12. HP: 75/98 MP: 0/0
 14293 | Lair:2   | Reached skill level 14 in Fighting
 15368 | D:9      | Bought the +7 scale mail of Failure {rElec Str+3 Slay+3}
                  | for 1222 gold pieces
 15384 | D:10     | Entered Level 10 of the Dungeon
 15947 | D:10     | Reached skill level 1 in Armour
 17002 | Lair:3   | Reached XP level 13. HP: 93/105 MP: 0/0
 17002 | Lair:3   | Learned a level 5 spell: Alistair's Intoxication
 17011 | Lair:3   | Reached skill level 5 in Armour
 17506 | Lair:3   | Noticed an eight-headed hydra
 17507 | Lair:3   | Noticed an eight-headed hydra
 17512 | Lair:3   | Killed an eight-headed hydra
 17514 | Lair:3   | HP: 1/105 [eight-headed hydra (13)]
 17515 | Lair:3   | Mangled by an eight-headed hydra

Illustrated notes

Levels and vault maps discovered:
D:1:      mushboom_english_gardens, layout_basic, serial_forest,
          infiniplex_forest_straight_3, infiniplex_forest_lined_room_2,
          infiniplex_forest_end_2, infiniplex_forest_lined_room_3,
          infiniplex_forest_lined_room_2
D:2:      layout_rooms
D:3:      layout_loops_ring, hellmonk_ecumenical_altar_watching_god,
          uniq_sigmund
D:4:      layout_loops_ring, mainiacjoe_overflow_brackets,
          hangedman_abyss_or_decor_passed, minmay_liquid_box,
          roderic_roman_lattice, supply_closet_lemuel, uniq_robin
D:5:      layout_cave_pods, kennysheep_mini
D:6:      layout_basic, nicolae_ashenzari_skybound, slow_altar_2,
          portal_sewer_entry_d, minmay_misc_feat_tiny, grunt_tough_drop,
          uniq_eustachio, uniq_edmund
D:7:      layout_gridville, nemelex_spade_bored_becter,
          kennysheep_vampire_church, minmay_temple_entry_metal_lava,
          gammafunk_ghost_split, kennysheep_generic_room_7
D:8:      layout_basic, nzn_wu_jian_contemplation,
          mainiacjoe_overflow_boulevard, nicolae_tso_swordbearing_angel,
          lair_entry_dummy, serial_rivers, chequers_serial_rivers_micro_e,
          chequers_serial_rivers_marsh, chequers_serial_rivers_marsh,
          chequers_serial_rivers_micro_c, chequers_serial_rivers_room_a
D:9:      layout_cave_pools, mainiacjoe_overflow_tiny_flanked, david_orc_5,
          dk_noncrumbling_4, uniq_grum
D:10:     layout_basic
Lair:1:   layout_cave_shapes, gammafunk_ghost_hydra_chop, lemuel_old_faithful,
          serial_bayou_shore_b
Lair:2:   layout_gridlike, nicolae_spider_entry_tight_spaces,
          minmay_stone_trees_small, st_stairs_13, nicolae_quartered_pool_super
Lair:3:   layout_regular_city, palyth_hydra_swamp_entry, st_stairs_6,
          beast_lair_carwin_7, infiniplex_staircase_pool, uniq_gastronok,
          uniq_amaemon

Skill      XL: |  1  2  3  4  5  6  7  8  9 10 11 12 13 |
---------------+----------------------------------------+-----
Spellcasting   | 4 5 6 8 |  8.4
Stealth        | 2 |  2.9
Fighting       | 2 5 7 9 13 14 | 14.0
Shields        | 2 5 7 9 10 | 10.0
Armour         | 4 7 |  7.2
Dodging        | |  2.1

Action                   |  1- 3 |  4- 6 |  7- 9 | 10-12 | 13-15 || total
-------------------------+-------+-------+-------+-------+-------++-------
Melee: Unarmed           |       |     1 |     8 |       |       ||     9
       Staff             |       |       |       |     4 |       ||     4
 Cast: Freeze            |    51 |    27 |    29 |    67 |    14 ||   188
       Sting             |       |    16 |    85 |    72 |     8 ||   181
       Frozen Ramparts   |       |     5 |    35 |    28 |     4 ||    72
       Summon Ice Beast  |       |     1 |    18 |    10 |     1 ||    30
       Static Discharge  |       |       |     7 |    34 |     3 ||    44
       Airstrike         |       |       |    46 |   144 |    14 ||   204
       Blink             |       |       |     1 |    11 |       ||    12
       Ozocubu's Armour  |       |       |     1 |     3 |       ||     4
       Summon Lightning  |       |       |       |    55 |     6 ||    61
Invok: Call Merchant     |       |       |       |     1 |       ||     1
Evoke: Wand              |       |       |     6 |     4 |       ||    10
  Use: Scroll            |     1 |     4 |     5 |     6 |       ||    16
       Potion            |       |     1 |       |     2 |     1 ||     4
Armor: Robe              |     9 |     8 |    15 |    19 |     8 ||    59
       Scale mail        |       |       |       |     2 |       ||     2
Dodge: Dodged            |    25 |    28 |    63 |    59 |     7 ||   182
Block: Kite shield       |       |       |       |    49 |    13 ||    62

Table legend: (Time is in decaauts)
 A = Elapsed time spent in this place.
 B = Non-inter-level travel time spent in this place.
 C = Inter-level travel time spent in this place.
 D = Time resting spent in this place.
 E = Time spent auto-exploring this place.
 F = Levels seen in this place.
 G = Mean time per level.
                   A        B        C        D        E       F      G
               +--------+--------+--------+--------+--------+-----+--------+
         Total |  17531 |  16669 |    862 |   2703 |  11983 |  14 | 1252.2 |
       Dungeon |  13961 |  13209 |    752 |   2273 |   9458 |  10 | 1396.1 |
          Lair |   3076 |   2967 |    109 |    428 |   2174 |   3 | 1025.3 |
         Sewer |    493 |    493 |      0 |      2 |    351 |   1 |  493.0 |
               +--------+--------+--------+--------+--------+-----+--------+

Top non-repeatable levels by time:
     D:8: 2750 daAuts
     D:6: 2054 daAuts
     D:7: 1894 daAuts
  Lair:2: 1716 daAuts
    D:10: 1466 daAuts
     D:9: 1142 daAuts
     D:3: 1102 daAuts
     D:4: 1067 daAuts
     D:5: 1060 daAuts
     D:1: 914 daAuts
  Lair:1: 787 daAuts
  Lair:3: 572 daAuts
     D:2: 508 daAuts
   Sewer: 493 daAuts
